 Dungeon Crawl Stone Soup version 0.31-a0-664-g902f515a81 (webtiles) character file.

Game seed: 8803182000967616554

377 arthad the Trooper (level 6, 0/40 HPs)
             Began as a Gargoyle Fighter on Sept 2, 2023.
             Was a Follower of Vehumet.
             Slain by Pikel
             ... wielding a +2 whip of flaming
              (2 damage)
             ... on level 4 of the Dungeon.
             The game lasted 00:05:25 (3064 turns).

arthad the Trooper (Gargoyle Fighter)               Turns: 3064, Time: 00:05:26

Health: 0/40       AC: 13    Str: 21    XL:     6   Next: 73%
Magic:  7/7        EV:  9    Int:  9    God:    Vehumet [*.....]
Gold:   220        SH:  4    Dex:  9    Spells: 6/7 levels left

rFire   . . .        a - +0 war axe
rCold   . . .        c - +0 buckler
rNeg    + . .        b - +0 scale mail
rPois   ∞            z - +0 helmet
rElec   +            (no cloak)
rCorr   .            g - +0 pair of gloves
SInv    .            (no boots)
Will    .....        (no amulet) Stlth
                     (no ring)
HPRegen 0.26/turn    (no ring)
MPRegen 0.10/turn

%: no passive effects
@: mighty
A: sickness immunity, AC +4, negative energy resistance 1, electricity
resistance, torment resistance 1, petrification resistance
a: Renounce Religion


You were on level 4 of the Dungeon.
You worshipped Vehumet.
Vehumet was aware of your devotion.
You visited 1 branch of the dungeon, and saw 4 of its levels.

You collected 220 gold pieces.

Inventory:

Hand Weapons
 a - a +0 war axe (weapon)
Missiles
 x - 12 poisoned darts
Armour
 b - a +0 scale mail (worn)
 c - a +0 buckler (worn)
 g - a +0 pair of gloves (worn)
 u - a +3 leather armour of cold resistance
 z - a +0 helmet (worn)
Magical Staves
 y - a staff of earth
Wands
 t - a wand of paralysis (11)
Scrolls
 e - a scroll of poison {unknown}
 h - 2 scrolls of enchant armour {unknown}
 m - 2 scrolls of noise {unknown}
 n - 3 scrolls of teleportation {unknown}
 q - a scroll of fear {unknown}
 s - a scroll of fog {unknown}
 v - a scroll of amnesia {unknown}
 w - a scroll of immolation {unknown}
Potions
 f - 2 potions of curing
 i - a potion of berserk rage {unknown}
 j - a potion of heal wounds {unknown}
 k - a potion of degeneration {unknown}
 l - a potion of mutation {unknown}
 o - a potion of invisibility {unknown}
 p - a potion of magic {unknown}
 r - a potion of lignification {unknown}


   Skills:
 * Level 5.2 Fighting
 * Level 3.8 Axes
 + Level 4.2 Armour
 + Level 4.2 Shields
 + Level 1.0 Spellcasting
 + Level 0.1 Conjurations
 + Level 0.1 Fire Magic
 + Level 1.2 Earth Magic


You had 6 spell levels left.
You knew the following spells:

 Your Spells              Type           Power      Damage    Failure   Level
a - Foxfire               Conj/Fire      0%         2x1d4     75%         1

Your spell library contained the following spells:

 Spells                   Type           Power      Damage    Failure   Level
 Wereblood                Tmut           0%         N/A       87%         2
 Irradiate                Conj/Tmut      0%         3d11      100%        5


Dungeon Overview and Level Annotations

Branches:
Dungeon (4/15)             Temple (0/1) D:4

Altars:
Elyvilon
Nemelex Xobeh
Ru
Uskayaw
Vehumet

Annotations:
D:4 Pikel


Innate Abilities, Weirdness & Mutations

You are immune to sickness and miasma.
Your stone body is resilient. (AC +4)
You are immune to poison.
You resist negative energy. (rN+)
You are resistant to electric shocks. (rElec)
You are resistant to unholy torment.
You are immune to petrification.


Message History

Pikel burns you.
* * * LOW HITPOINT WARNING * * *
The lemure misses you.
You feel better. The lemure hits you.
* * * LOW HITPOINT WARNING * * *
The orc closely misses you.
Pikel hits you with a +2 whip of flaming.
* * * LOW HITPOINT WARNING * * *
Pikel burns you.
* * * LOW HITPOINT WARNING * * *
The lemure barely misses you.
You feel better. The lemure hits you.
* * * LOW HITPOINT WARNING * * *
The orc hits you with a +0 flail.
* * * LOW HITPOINT WARNING * * *
The lemure barely misses you.
Pikel says, "You'll rot in Tartarus!"
Pikel hits you but does no damage. The lemure completely misses you.
You feel better. You block the lemure's attack. The lemure hits you.
The orc barely misses you. The lemure hits you.
* * * LOW HITPOINT WARNING * * *
Pikel barely misses you. The lemure barely misses you.
Okay, then.
You barely miss Pikel. You closely miss the lemure. x2
You barely miss the lemure. You barely miss the orc. You hit the lemure.
You block the lemure's attack. x2; The orc hits you but does no damage.
The lemure hits you but does no damage.
Pikel hits you with a +2 whip of flaming.
* * * LOW HITPOINT WARNING * * *
Pikel burns you.
* * * LOW HITPOINT WARNING * * *
The lemure hits you but does no damage.
You barely miss Pikel. You hit the lemure. You slash the lemure!
You completely miss the lemure. You closely miss the lemure. You slash the orc!
You kill the orc!
Vehumet accepts your kill. The lemure hits you but does no damage.
The lemure barely misses you.
Pikel hits you with a +2 whip of flaming.
You die...
Pikel says, "See you in Hell!"

#.... #..........#
##.>.
####..#'#######.#
.. #....##.#
.....# .#......#
.....# ........#
.....#
..#.....###.....#
..........#.....#
###.......#5....##
#......5@).....#
........55K.....#
.....[...........#
.................#
.................#
........?.......#
#####+##........
#........


You could see Pikel and 4 lemures.

Vanquished Creatures
  Duvessa (D:4)
  Dowan (D:4)
  A hound (D:4)
  Ijyb (D:3)
  2 orc wizards (D:3)
  3 adders
  An ufetubus (D:4)
  2 worms (D:3)
  2 dart slugs
  9 orcs
  7 ball pythons
  6 endoplasms
  3 giant cockroaches
  8 goblins
  11 hobgoblins
  12 kobolds
  2 quokkas
  6 bats
  4 frilled lizards
  6 rats
88 creatures vanquished.

Notes
Turn   | Place    | Note
-------+----------+-------------------------------------------
     0 | D:1      | arthad the Gargoyle Fighter began the quest for the Orb.
     0 | D:1      | Reached XP level 1. HP: 14/14 MP: 1/1
   199 | D:1      | Reached XP level 2. HP: 19/19 MP: 2/2
   203 | D:1      | Found a faded altar of an unknown god.
  1114 | D:1      | Reached XP level 3. HP: 24/24 MP: 3/3
  1488 | D:2      | Reached skill level 4 in Fighting
  1633 | D:2      | Reached XP level 4. HP: 22/29 MP: 4/4
  2044 | D:3      | Noticed Ijyb
  2045 | D:3      | Paralysed by Ijyb for 3 turns
  2054 | D:3      | Paralysed by Ijyb for 3 turns
  2069 | D:3      | Killed Ijyb
  2070 | D:3      | Reached XP level 5. HP: 25/34 MP: 5/5
  2518 | D:3      | Found a sacrificial altar of Ru.
  2761 | D:3      | Found a faded altar of an unknown god.
  2761 | D:3      | Found a sparkling altar of Nemelex Xobeh.
  2773 | D:3      | Found a faded altar of an unknown god.
  2775 | D:3      | Found a hide-covered altar of Uskayaw.
  2777 | D:3      | Found a white marble altar of Elyvilon.
  2798 | D:3      | Prayed at the altar of an unknown god.
  2798 | D:3      | Became a worshipper of Vehumet
  2798 | D:3      | Reached * piety under Vehumet
  2798 | D:3      | Offered knowledge of Foxfire by Vehumet.
  2839 | D:4      | Noticed Duvessa
  2839 | D:4      | Noticed Dowan
  2845 | D:4      | Killed Duvessa
  2846 | D:4      | Reached skill level 5 in Fighting
  2846 | D:4      | Reached XP level 6. HP: 40/40 MP: 6/6
  2856 | D:4      | Killed Dowan
  2857 | D:4      | Reached skill level 1 in Earth Magic
  2925 | D:4      | Learned a level 1 spell: Foxfire
  2944 | D:4      | Found a staircase to the Ecumenical Temple.
  3051 | D:4      | Reached skill level 1 in Spellcasting
  3053 | D:4      | Noticed Pikel
  3063 | D:4      | HP: 2/40 [Pikel/+2 whip of flaming (3)]
  3064 | D:4      | Slain by Pikel

Illustrated notes

Levels and vault maps discovered:
D:1:      dpeg_arrival_radiant, layout_basic, shapermc_ecumenical_altar_gd
D:2:      layout_loops_cross, minmay_unequal
D:3:      minmay_evil_eye, layout_loops_ring, nicolae_ru_the_path_less_chosen,
          chequers_temple_overflow_minitemple, uniq_ijyb
D:4:      layout_basic, minmay_temple_entry_arrows, gammafunk_ghost_grave,
          uniq_pikel, uniq_duvessa

Skill      XL: |  1  2  3  4  5  6 |
---------------+-------------------+-----
Axes           | 2 3 |  3.8
Fighting       | 4 5 |  5.2
Shields        | 4 |  4.2
Armour         | 4 |  4.2
Earth Magic    | 1 |  1.2
Spellcasting   | 1 |  1.0
Conjurations   | |  0.1
Fire Magic     | |  0.1

Action                     |  1- 3 |  4- 6 || total
---------------------------+-------+-------++-------
  Melee: War axe           |   116 |   172 ||   288
    Use: Potion            |       |     6 ||     6
 Armour: Scale mail        |    79 |   158 ||   237
  Dodge: Dodged            |    60 |    80 ||   140
  Block: Buckler           |    28 |    45 ||    73

Table legend: (Time is in decaauts)
 A = Elapsed time spent in this place.
 B = Non-inter-level travel time spent in this place.
 C = Inter-level travel time spent in this place.
 D = Time resting spent in this place.
 E = Time spent auto-exploring this place.
 F = Levels seen in this place.
 G = Mean time per level.
                   A        B        C        D        E       F      G
               +--------+--------+--------+--------+--------+-----+--------+
         Total |   3175 |   3086 |     89 |      0 |   2335 |   4 |  793.8 |
       Dungeon |   3175 |   3086 |     89 |      0 |   2335 |   4 |  793.8 |
               +--------+--------+--------+--------+--------+-----+--------+

Top non-repeatable levels by time:
     D:1: 1273 daAuts
     D:3: 1015 daAuts
     D:2: 647 daAuts
     D:4: 238 daAuts
